 Dungeon Crawl Stone Soup version 0.26-a0-964-g69f9a3b9e2 (console) character file.

Game seed: 11734380912234331518

145030 mundffin3927 the Severer (level 16, -1/152 HPs)
             Began as a Minotaur Berserker on Nov 30, 2020.
             Was the Champion of Trog.
             Slain by a wolf spider (9 damage)
             ... on level 2 of the Spider Nest on Dec 2, 2020.
             The game lasted 02:38:15 (41535 turns).

mundffin3927 the Severer (Minotaur Berserker)      Turns: 41535, Time: 02:38:16

Health: -1/152     AC: 26    Str: 26    XL:     16   Next: 86%
Magic:  15/15      EV: 12    Int:  5    God:    Trog [******]
Gold:   2223       SH: 19    Dex: 10    Spells: 15/15 levels left

rFire    + . .     SeeInvis .   a - +5 broad axe
rCold    . . .     Faith    .   s - +0 kite shield
rNeg     . . .     Spirit   .   o - +4 plate armour {rF+}
rPois    +         Reflect  +   (helmet restricted)
rElec    +         Harm     .   O - +0 cloak {MR+}
rCorr    .         Rampage  .   i - +1 pair of gloves
MR       +++..                  q - +0 pair of boots
Stlth    ..........             U - amulet of reflection
HPRegen  0.35/turn              M - ring of protection from magic
MPRegen  0.14/turn              J - ring "Tucaepti" {rElec rPois Slay+4}

@: berserk cooldown, slowed, studying Evocations, very slow
A: retaliatory headbutt, horns 2, dopey 1
a: Berserk, Trog's Hand, Brothers in Arms, Renounce Religion


You were on level 2 of the Spider Nest.
You worshipped Trog.
Trog was exalted by your worship.
You visited 4 branches of the dungeon, and saw 25 of its levels.
You also visited: Ossuary, Gauntlet and Volcano.

You collected 2807 gold pieces.
You spent 584 gold pieces at shops.


Innate Abilities, Weirdness & Mutations

You reflexively headbutt those who attack you in melee.
You have a pair of horns on your head.
You are dopey. (Int -2)


   Skills:
 + Level 16.3 Fighting
 - Level 18.0 Axes
 - Level 5.0 Throwing
 * Level 14.5 Armour
 + Level 10.9 Dodging
 - Level 15.0 Shields
 + Level 11.3 Evocations


You had 15 spell levels left.
You didn't know any spells.
Your spell library was empty.

Inventory:

Hand Weapons
 a - a +5 broad axe (weapon)
 H - a +4 scimitar of flaming
 N - a +5 vorpal war axe
Missiles
 e - 180 stones
 h - 5 silver boomerangs (quivered)
 j - 27 atropa-tipped darts
 m - 106 poisoned darts
 A - 22 javelins
 B - 7 curare-tipped darts {=f}
Armour
 i - a +1 pair of gloves (worn)
 o - a +4 plate armour of fire resistance (worn)
 q - a +0 pair of boots (worn)
 s - a +0 kite shield (worn)
 O - a +0 cloak of magic resistance (worn)
Jewellery
 C - an uncursed ring of protection from cold
 I - a +6 ring of intelligence
 J - the ring "Tucaepti" (right hand) {rElec rPois Slay+4}
   (You acquired it on level 12 of the Dungeon)

   [ring of poison resistance]

   It affects your accuracy and damage with ranged weapons and melee attacks
   (+4).
   It insulates you from electricity.
   It protects you from poison.
 M - a ring of protection from magic (left hand)
 R - an uncursed ring of resist corrosion
 U - an amulet of reflection (around neck)
Wands
 c - a wand of polymorph (3)
 d - a wand of enslavement (2)
 E - a wand of paralysis (15)
 K - a wand of acid (2)
 L - a wand of iceblast (40)
 V - a wand of flame (39)
Scrolls
 f - 7 scrolls of remove curse {@r2}
 g - a scroll of blinking
 l - 4 scrolls of enchant armour
 y - 4 scrolls of fear
 F - a scroll of silence {!r}
 P - a scroll of summoning
 Q - a scroll of teleportation {@r4}
 S - 3 scrolls of magic mapping
 X - 2 scrolls of immolation
 Y - a scroll of fog
Potions
 k - 2 potions of mutation
 p - a potion of haste {@q3}
 r - 2 potions of ambrosia
 t - a potion of cancellation
 u - 3 potions of resistance
 v - 6 potions of might
 w - 6 potions of berserk rage {!q}
 x - 4 potions of brilliance
 z - 4 potions of attraction
 W - a potion of heal wounds {@q2}
 Z - 3 potions of invisibility
Books
 b - a manual of Evocations {!d}
Miscellaneous
 n - a condenser vane

Dungeon Overview and Level Annotations

Branches:
Dungeon (15/15) Temple (0/1) D:6 Lair (6/6) D:11 Shoals (0/4) Lair:4 Spider (2/4) Lair:4 Slime (0/5) Lair:6 Orc (2/2) D:9 Elf (0/3) Orc:2 Vaults (0/5) D:12 D:13 Depths (0/5) D:15 Ossuary (visited) Volcano (visited) Gauntlet (visited)

Altars:
Ashenzari
Elyvilon
Makhleb
Nemelex Xobeh
Ru
Trog
Uskayaw
Wu Jian
Xom
Yredelemnul
The Shining One
Beogh

Shops:
D:11 !   Orc:2 [=[[*

Annotations:
D:13 3 runed translucent doors, Daesira's ghost, journeyman DsIE; lordvenom1's ghost, journeyman DECj
Lair:3 exclusions: 2 lindwurms, 2 oklob plants and 4 more exclusions
Lair:5 3 runed translucent doors, Isouggaj's ghost, journeyman BaIE

...............
.... ..........
.........#.....
..... .........
....s......[. .
....s.#^... ...
^....*>..#.....
.....)†@.......
......ssy......
...........>.!.
.(.............
...............
...............
...........#..<
..#...#........


You could see a wolf spider (berserk), a moth of wrath, 2 orb spiders and a
tarantella (berserk).


Message History

The tarantella misses you. You furiously retaliate!
You headbutt the tarantella!! The tarantella closely misses you.
You furiously retaliate!
You headbutt the tarantella. You block the wolf spider's attack.
The wolf spider bites you but does no damage.
The tarantella closely misses you. You furiously retaliate!
You headbutt the tarantella!!
You kill the tarantella!
Trog accepts your kill.
The orb spider spins a strand of pure energy.
The wolf spider hits you.
* * * LOW HITPOINT WARNING * * *
The wolf spider closely misses you.
The tarantella bites you but does no damage.
The moth of wrath bites you.
* * * LOW HITPOINT WARNING * * *
The wolf spider closely misses you. x2; The tarantella bites you!
* * * LOW HITPOINT WARNING * * *
You are confused.
The moth of wrath closely misses you.
You feel better. The tarantella closely misses you. The wolf spider hits you.
* * * LOW HITPOINT WARNING * * *
You block the wolf spider's attack. You block the tarantella's attack.
The wolf spider hits you!
* * * LOW HITPOINT WARNING * * *
You block the wolf spider's attack.
The orb spider weaves a glowing orb of energy.
The moth of wrath barely misses you. You furiously retaliate!
You headbutt the moth of wrath!
The tarantella bites you but does no damage.
The wolf spider barely misses you. You furiously retaliate!
You headbutt the wolf spider!
The wolf spider bites you but does no damage.
An orb of destruction comes into view.
You block the tarantella's attack. You block the wolf spider's attack.
The wolf spider bites you!
You die...

Skill      XL: |  1  2  3  4  5  6  7  8  9 10 11 12 13 14 15 16 |
---------------+-------------------------------------------------+-----
Fighting       | 4 5 6 8 9 10 11 12 13 14 15 16 | 16.3
Axes           | 4 5 6 8 10 11 12 14 16 17 18 | 18.0
Armour         | 3 4 6 7 9 12 14 | 14.5
Dodging        | 3 4 5 6 7 9 10 | 10.9
Shields        | 4 7 9 10 12 14 15 | 15.0
Throwing       | 3 4 5 |  5.0
Evocations     | 3 4 5 6 9 11 | 11.3

Action                   |  1- 3 |  4- 6 |  7- 9 | 10-12 | 13-15 | 16-18 || total
-------------------------+-------+-------+-------+-------+-------+-------++-------
Melee: Hand axe          |   311 |   140 |   233 |       |       |       ||   684
       Headbutt          |   105 |    31 |    78 |   140 |   255 |    93 ||   702
       Short sword       |       |       |    27 |       |       |       ||    27
       War axe           |       |       |   118 |   357 |       |       ||   475
       Broad axe         |       |       |       |   261 |  1110 |   386 ||  1757
       Mace              |       |       |       |    31 |       |       ||    31
       Battleaxe         |       |       |       |    21 |    22 |       ||    43
       Unarmed           |       |       |       |       |       |     3 ||     3
Throw: Javelin           |       |       |     3 |     1 |       |       ||     4
       Dart              |       |       |       |     8 |    13 |       ||    21
       Boomerang         |       |       |       |       |       |     2 ||     2
       Throwing net      |       |       |       |       |       |     1 ||     1
Invok: Berserk           |       |     2 |     2 |     4 |     7 |     1 ||    16
       Trog's Hand       |       |     1 |     1 |     2 |     5 |     1 ||    10
Evoke: Wand              |       |       |       |       |    11 |       ||    11
       Condenser vane    |       |       |       |       |     1 |       ||     1
  Use: Scroll            |       |     3 |    12 |     9 |    25 |     5 ||    54
       Potion            |       |       |     1 |     8 |    15 |     6 ||    30
 Stab: Held in net/web   |       |       |       |       |     1 |     1 ||     2
       Petrifying        |       |       |       |       |     1 |       ||     1
       Distracted        |       |       |       |       |     1 |       ||     1
Armor: Ring mail         |    28 |    47 |   109 |    90 |       |       ||   274
       Skin              |       |       |       |    87 |    24 |       ||   111
       Scale mail        |       |       |       |    70 |   146 |       ||   216
       Plate armour      |       |       |       |       |   151 |   196 ||   347
Dodge: Dodged            |    38 |    68 |   220 |   393 |   419 |   139 ||  1277
Block: Kite shield       |       |       |   119 |   458 |   996 |   344 ||  1917
       Other             |       |       |       |    15 |    11 |       ||    26
       Reflection        |       |       |       |       |    42 |    12 ||    54

Levels and vault maps discovered:
D:1:      lightli_molten_gateway, layout_basic, serial_forest,
          infiniplex_forest_lined_1, infiniplex_forest_lined_ring,
          infiniplex_forest_pool, infiniplex_forest_straight_5,
          infiniplex_forest_lined_3, infiniplex_forest_clump_diagonal,
          infiniplex_forest_lined_2, infiniplex_forest_end_2
D:2:      layout_basic, serial_forest, infiniplex_forest_straight_4,
          infiniplex_forest_3_way, infiniplex_forest_straight_2,
          infiniplex_forest_split, infiniplex_forest_straight_2,
          infiniplex_forest_straight_4, infiniplex_forest_end_1,
          lemuel_another_geyser
D:3:      layout_loops_ring, chequers_ecumenical_altar_simple, uniq_natasha
D:4:      black_bear_nest_1, layout_layer_cave, nicolae_ossuary_entry_ruins,
          nicolae_ru_the_path_less_chosen
D:5:      layout_loops_cross, cheibrodos_sewer_entry_bend
D:6:      layout_gridville, marbit_many_paths, minmay_temple_entry_nine_rooms
D:7:      layout_rooms, kennysheep_little_box, tso_oasis_becter,
          minmay_shattered_shrine, uniq_joseph
D:8:      layout_basic
D:9:      minmay_cut_squares, layout_rooms, kennysheep_mini,
          dancing_weapons_uskayaw, trog_eyes_of_draining, orc_0_dummy,
          special_room [special_room_orc]
D:10:     minmay_bubble_buster, layout_basic, chequers_decorated_corner
D:11:     layout_irregular_city, erik_lair_orcish_takeover, serial_shops, shop,
          corexii_hall_statues_l
D:12:     layout_cave_pools, serial_bayou_pond_e, evilmike_ruin_ashenzari
D:13:     lemuel_vampire_tower, layout_basic, david_vaults_3,
          gammafunk_ghost_cemetery, uniq_jorgrun
D:14:     layout_big_octagon, minmay_misc_feat_tower, gauntlet_entry_generic,
          kennysheep_boxes
D:15:     gammafunk_enter_depths_forms, layout_loops_ring, minivault_26,
          dk_noncrumbling_2, hangedman_decor_points, makhleb_altar_promises_db
Lair:1:   layout_roguey, chequers_serial_rivers_micro_d,
          chequers_serial_rivers_micro_c, minmay_hedge_maze,
          grunt_forest_stairs_basic
Lair:2:   layout_cave_pods, beast_lair_carwin_6
Lair:3:   layout_hall_layers, basic_altar, minmay_lindwurm_lava,
          minmay_lair_oklob_chamber
Lair:4:   layout_roguey, minmay_shoals_entry_lonely_mermaid,
          spider_nest_entry_web_field, nicolae_quartered_pool_medium,
          uniq_josephine
Lair:5:   layout_regular_city, gammafunk_ghost_hydra_chop, st_stairs_4,
          serial_bayou_pond_a
Lair:6:   hangedman_lair_caniforms_friends, layout_gridlike,
          guppyfry_lair_end_dragon, minmay_slime_entry_jelly_boxes,
          serial_forest, infiniplex_forest_clump_tiny, infiniplex_forest_end_1,
          infiniplex_forest_end_3, infiniplex_forest_straight_2,
          infiniplex_forest_straight_2, infiniplex_forest_end_2,
          infiniplex_forest_clump_diagonal, infiniplex_forest_clump_medium,
          infiniplex_forest_lined_room_2, uniq_urug
Spider:1: layout_spider_delve, drop_trap, uniq_kirke
Spider:2: layout_spider_delve, drop_trap
Orc:1:    layout_caves, trog_butcher_becter
Orc:2:    st_orc_ogre_mass, layout_caves, enter_volcano_1, basic_altar,
          serial_shops, shop, mines2_david, uniq_nessos, uniq_maurice,
          uniq_saint_roka

Notes
Turn   | Place    | Note
-------+----------+-------------------------------------------
     0 | D:1      | mundffin3927 the Minotaur Berserker began the quest for the
                  | Orb.
     0 | D:1      | Reached XP level 1. HP: 19/19 MP: 0/0
   467 | D:1      | Reached XP level 2. HP: 27/27 MP: 1/1
  1456 | D:2      | Reached skill level 4 in Fighting
  1475 | D:2      | Reached skill level 4 in Axes
  1732 | D:3      | Noticed Natasha
  1741 | D:3      | Killed Natasha
  1742 | D:3      | Reached skill level 3 in Armour
  1742 | D:3      | Reached XP level 3. HP: 30/33 MP: 2/2
  1815 | D:3      | Noticed Natasha
  1828 | D:3      | Killed Natasha
  1829 | D:3      | Reached skill level 3 in Dodging
  1829 | D:3      | Reached XP level 4. HP: 29/41 MP: 3/3
  1983 | D:3      | Noticed Natasha
  1992 | D:3      | Killed Natasha
  2292 | D:3      | Found a faded altar of an unknown god.
  2322 | D:3      | Reached ** piety under Trog
  2752 | D:4      | Found a sand-covered staircase.
  2761 | Ossuary  | Entered an ossuary
  2776 | Ossuary  | Reached XP level 5. HP: 34/47 MP: 4/4
  2895 | Ossuary  | Reached skill level 5 in Fighting
  2895 | Ossuary  | Reached skill level 5 in Axes
  2895 | Ossuary  | Reached skill level 4 in Armour
  3042 | Ossuary  | Reached XP level 6. HP: 45/56 MP: 5/5
  3297 | Ossuary  | Reached skill level 4 in Dodging
  3948 | Ossuary  | Reached XP level 7. HP: 46/62 MP: 6/6
  4085 | Ossuary  | Reached skill level 5 in Armour
  4293 | D:4      | Reached *** piety under Trog
  4294 | D:4      | Reached skill level 6 in Fighting
  4302 | D:4      | Reached skill level 6 in Axes
  5152 | D:4      | Found a sacrificial altar of Ru.
  5248 | D:4      | Reached skill level 5 in Dodging
  5437 | D:5      | Entered Level 5 of the Dungeon
  6227 | D:5      | Reached skill level 6 in Armour
  6227 | D:5      | Reached XP level 8. HP: 64/71 MP: 7/7
  6851 | D:5      | Reached skill level 7 in Fighting
  6851 | D:5      | Reached skill level 7 in Axes
  7270 | D:6      | Reached skill level 1 in Shields
  7528 | D:6      | Reached skill level 2 in Shields
  7798 | D:6      | Found an ornate altar of the Wu Jian Council.
  7850 | D:6      | Found a staircase to the Ecumenical Temple.
  7915 | D:6      | Reached **** piety under Trog
  7916 | D:6      | Reached skill level 3 in Shields
  8281 | D:6      | Reached skill level 8 in Axes
  8449 | D:6      | Reached skill level 8 in Fighting
  8601 | D:6      | Reached skill level 4 in Shields
  8634 | D:7      | Reached XP level 9. HP: 81/81 MP: 8/8
  8731 | D:7      | Noticed Joseph
  8742 | D:7      | Killed Joseph
  8842 | D:7      | Reached skill level 5 in Shields
  9015 | D:7      | Found a shimmering altar of Xom.
  9117 | D:7      | Noticed a troll
  9134 | D:7      | Killed a troll
  9135 | D:7      | Reached skill level 9 in Fighting
  9135 | D:7      | Reached skill level 9 in Axes
  9175 | D:7      | Reached skill level 6 in Shields
  9557 | D:7      | Found a glowing golden altar of the Shining One.
  9909 | D:8      | Reached skill level 7 in Shields
  9948 | D:8      | Reached skill level 10 in Axes
  9955 | D:8      | Reached XP level 10. HP: 93/93 MP: 9/9
  9990 | D:8      | Reached skill level 10 in Fighting
 10323 | D:9      | Reached skill level 1 in Throwing
 10388 | D:9      | Found a staircase to the Orcish Mines.
 10407 | D:9      | Noticed a purple ugly thing
 10426 | D:9      | Reached skill level 1 in Evocations
 10434 | D:9      | Killed a purple ugly thing
 10437 | D:9      | Reached ***** piety under Trog
 10548 | D:9      | Noticed a tengu warrior
 10576 | D:9      | Killed a tengu warrior
 10577 | D:9      | Reached skill level 2 in Throwing
 10577 | D:9      | Reached skill level 8 in Shields
 10577 | D:9      | Reached skill level 2 in Evocations
 10880 | D:9      | Found a white marble altar of Elyvilon.
 10890 | D:9      | Noticed a +0 hand axe
 10891 | D:9      | Found a hide-covered altar of Uskayaw.
 10891 | D:9      | Noticed a +0 hand axe
 10919 | D:9      | Found a bloodstained altar of Trog.
 11269 | D:9      | Found a roughly hewn altar of Beogh.
 11299 | D:9      | Received a gift from Trog
 11405 | D:10     | Entered Level 10 of the Dungeon
 11570 | D:9      | Reached skill level 11 in Axes
 11812 | D:10     | Reached skill level 3 in Throwing
 11941 | D:10     | Reached skill level 9 in Shields
 12114 | D:10     | Reached skill level 3 in Evocations
 12243 | D:10     | Reached XP level 11. HP: 77/101 MP: 10/10
 12887 | D:11     | Found Qycwudinasm's Distillery.
 12902 | D:11     | Bought a potion of resistance for 160 gold pieces
 12902 | D:11     | Bought a potion of might for 64 gold pieces
 12902 | D:11     | Bought a potion of curing for 48 gold pieces
 12902 | D:11     | Bought a potion of curing for 48 gold pieces
 13316 | D:11     | Killed an unseen horror
 13572 | D:11     | Reached skill level 11 in Fighting
 13584 | D:11     | Reached skill level 4 in Throwing
 13636 | D:11     | Received a gift from Trog
 13637 | D:11     | Reached skill level 10 in Shields
 13648 | D:11     | Reached skill level 12 in Axes
 13777 | D:11     | Found a staircase to the Lair.
 13978 | D:11     | Noticed a two-headed ogre
 14017 | D:11     | Killed a two-headed ogre
 14021 | D:11     | Reached skill level 6 in Dodging
 14021 | D:11     | Reached skill level 4 in Evocations
 14561 | Lair:1   | Entered Level 1 of the Lair of Beasts
 15469 | Lair:1   | Noticed a six-headed hydra
 15519 | Lair:1   | Killed a six-headed hydra
 15520 | Lair:1   | Reached skill level 7 in Armour
 15520 | Lair:1   | Reached XP level 12. HP: 90/110 MP: 11/11
 15891 | Lair:1   | Noticed a seven-headed hydra
 15914 | Lair:1   | Killed a seven-headed hydra
 15915 | Lair:1   | Reached skill level 5 in Throwing
 15915 | Lair:1   | Reached skill level 11 in Shields
 16108 | Lair:1   | Received a gift from Trog
 16640 | D:9      | Got a jewelled short sword
 16641 | D:9      | Identified the +5 short sword of the Realm of Zot {vorpal,
                  | +Inv rC+ Int+3 SInv} (You found it on level 9 of the
                  | Dungeon)
 16862 | Lair:1   | Reached skill level 13 in Axes
 17017 | Lair:2   | Reached skill level 5 in Evocations
 17478 | Lair:2   | Reached skill level 12 in Fighting
 17478 | Lair:2   | Reached skill level 12 in Shields
 18564 | Lair:3   | Noticed an eight-headed hydra
 18564 | Lair:3   | Noticed a seven-headed hydra
 18761 | Lair:2   | Killed a five-headed hydra
 19119 | Lair:2   | Killed a four-headed hydra
 19311 | Lair:2   | Reached skill level 14 in Axes
 19477 | Lair:3   | Found a sparkling altar of Nemelex Xobeh.
 19802 | Lair:3   | Noticed a five-headed hydra
 19817 | Lair:3   | Killed a one-headed hydra
 19818 | Lair:3   | Reached XP level 13. HP: 74/119 MP: 12/12
 20317 | Lair:3   | Reached skill level 13 in Shields
 21554 | Lair:4   | You fall into a shaft and drop 1 floor!
 21810 | Lair:4   | Noticed Josephine
 21818 | Lair:4   | Found a hole to the Spider Nest.
 21897 | Lair:4   | Found a staircase to the Shoals.
 22666 | Lair:5   | Reached skill level 15 in Axes
 23083 | Lair:5   | Found a runed translucent gate.
 23083 | Lair:5   | Found a runed translucent gate.
 23083 | Lair:5   | Found a runed translucent gate.
 23084 | Lair:5   | Noticed Isouggaj's ghost (journeyman BaIE)
 23365 | Lair:5   | Reached skill level 13 in Fighting
 23531 | Lair:5   | Reached skill level 14 in Shields
 24428 | Lair:6   | Entered Level 6 of the Lair of Beasts
 25394 | Lair:6   | Reached skill level 16 in Axes
 25397 | Lair:6   | Reached XP level 14. HP: 129/129 MP: 13/13
 25949 | Lair:6   | Reached skill level 15 in Shields
 26152 | Lair:6   | Identified 2 scrolls of acquirement
 26183 | Lair:6   | Noticed Urug
 26307 | Lair:6   | Killed Urug
 26492 | Lair:6   | Found a staircase to the Slime Pits.
 27408 | Lair:6   | HP: 12/130 [something/ball of steam (17)]
 28832 | Lair:3   | Killed Josephine
 28833 | Lair:3   | Reached skill level 14 in Fighting
 28967 | D:12     | Reached skill level 17 in Axes
 29094 | D:12     | Acquired the ring "Tucaepti" {rElec rPois Slay+4}
 29133 | D:12     | Found a broken altar of Ashenzari.
 29236 | Lair:1   | Acquired a manual of Evocations
 29659 | D:12     | Reached skill level 8 in Armour
 29659 | D:12     | Reached skill level 7 in Dodging
 29723 | D:12     | Acquired the +2 pair of boots of Hedonism {-Tele rPois
                  | rCorr}
 30208 | Orc:1    | Entered Level 1 of the Orcish Mines
 30299 | Orc:1    | HP: 9/132 [ettin/+0 dire flail (34)]
 30944 | Orc:1    | Found a bloodstained altar of Trog.
 31050 | Orc:1    | Noticed a stone giant
 31059 | Orc:1    | Killed a stone giant
 31335 | Orc:2    | Entered Level 2 of the Orcish Mines
 31342 | Orc:2    | Received a gift from Trog
 31410 | Orc:2    | Found Odgharoni's Armour Shop.
 31410 | Orc:2    | Found Yggechuf's Armour Shoppe.
 31410 | Orc:2    | Found Huirea's Jewellery Shoppe.
 31410 | Orc:2    | Found Gouxtot's Armour Boutique.
 31534 | Orc:1    | Reached skill level 6 in Evocations
 31675 | Orc:2    | Noticed Saint Roka
 31687 | Orc:2    | Found a dark tunnel.
 31687 | Orc:2    | Gained mutation: You are dopey. (Int -2) [a neqoxec]
 31699 | Volcano  | Entered a volcano
 31863 | Volcano  | Found a radiant altar of Vehumet.
 31879 | Volcano  | Reached ****** piety under Trog
 32082 | Orc:2    | Upgraded the game from 0.26-a0-958-gf3041fb45f to
                  | 0.26-a0-964-g69f9a3b9e2
 32119 | Orc:2    | Noticed Nessos
 32729 | Orc:2    | Found Kioke's Assorted Antiques.
 32737 | Orc:2    | Bought a potion of might for 88 gold pieces
 32737 | Orc:2    | Bought a worn copper wand for 88 gold pieces
 32737 | Orc:2    | Bought a potion of might for 88 gold pieces
 32771 | Orc:2    | Found a bloodstained altar of Trog.
 32786 | Orc:2    | Reached skill level 9 in Armour
 32798 | Orc:2    | Found a roughly hewn altar of Beogh.
 32894 | Orc:2    | Noticed Maurice
 32905 | Orc:2    | Reached XP level 15. HP: 104/139 MP: 14/14
 32907 | Orc:2    | Killed Maurice
 33127 | Orc:2    | Reached skill level 7 in Evocations
 33210 | Orc:2    | Found a staircase to the Elven Halls.
 33297 | Orc:2    | Received a gift from Trog
 33319 | Orc:2    | Reached skill level 8 in Dodging
 33350 | Orc:2    | Reached skill level 10 in Armour
 33354 | Orc:2    | Reached skill level 18 in Axes
 33367 | Orc:2    | Killed Saint Roka
 33614 | Orc:2    | Killed Nessos
 34521 | D:13     | Found a gate to the Vaults.
 34719 | D:12     | Reached skill level 15 in Fighting
 34814 | D:12     | Reached skill level 8 in Evocations
 34960 | D:13     | Reached skill level 11 in Armour
 35616 | D:13     | Reached skill level 9 in Dodging
 35675 | D:13     | Found a runed translucent gate.
 35676 | D:13     | Found a runed translucent gate.
 35677 | D:13     | Found a runed translucent gate.
 35678 | D:13     | Noticed lordvenom1's ghost (journeyman DECj)
 35678 | D:13     | Noticed Daesira's ghost (journeyman DsIE)
 35866 | D:13     | Received a gift from Trog
 35875 | D:13     | Noticed Jorgrun
 35908 | D:13     | Killed Jorgrun
 36241 | D:13     | Reached skill level 9 in Evocations
 36305 | D:13     | Found a basalt altar of Yredelemnul.
 36331 | D:13     | Reached skill level 12 in Armour
 37043 | D:14     | Found a gate leading to a gauntlet.
 37052 | Gauntlet | Entered a Gauntlet
 37052 | Gauntlet | Found a transporter.
 37056 | Gauntlet | Found a transporter.
 37072 | Gauntlet | Found a transporter.
 37076 | Gauntlet | Found a transporter.
 37086 | Gauntlet | Found a transporter.
 37106 | Gauntlet | Found a transporter.
 37110 | Gauntlet | Found a transporter.
 37113 | Gauntlet | Found a transporter.
 37136 | Gauntlet | Found a transporter.
 37153 | Gauntlet | Found a transporter.
 37157 | Gauntlet | Found a transporter.
 37168 | Gauntlet | Found a transporter.
 37495 | Gauntlet | Reached XP level 16. HP: 149/149 MP: 15/15
 37514 | Gauntlet | Got a translucent copper ring
 37520 | Gauntlet | Identified the ring of Potoi {rF- AC+4 Int+8} (You found it
                  | in a Gauntlet)
 37562 | Gauntlet | Found the +3 salamander hide armour {Flames rF++ rC--}
 38056 | D:14     | Received a gift from Trog
 38105 | D:14     | Reached skill level 13 in Armour
 38105 | D:14     | Reached skill level 10 in Evocations
 38366 | D:14     | Reached skill level 10 in Dodging
 38963 | D:15     | Entered Level 15 of the Dungeon
 39305 | D:15     | Reached skill level 16 in Fighting
 39659 | D:15     | Found a burning altar of Makhleb.
 39825 | D:15     | Found a staircase to the Depths.
 40471 | Spider:1 | Entered Level 1 of the Spider Nest
 40471 | Spider:1 | Noticed Kirke
 40480 | Lair:4   | Killed Kirke
 40481 | Lair:4   | Reached skill level 14 in Armour
 40492 | Spider:1 | Received a gift from Trog
 40504 | Spider:1 | Reached skill level 11 in Evocations
 41534 | Spider:2 | HP: 8/152 [wolf spider (17)]
 41535 | Spider:2 | Slain by a wolf spider

Vanquished Creatures
  Saint Roka (Orc:2)
  Jorgrun (D:13)
  Kirke (Lair:4)
  A stone giant (Orc:1)
  A vampire knight (D:13)
  Nessos (Orc:2)
  A minotaur (Gauntlet)
  An ettin (Orc:1)
  A fire dragon (Lair:6)
  Josephine (Lair:3)
  9 hydras
  2 catoblepae
  2 boulder beetles
  4 centaur warriors
  22 two-headed ogres
  2 death knights
  4 ogre magi (Orc:2)
  A vampire mage (D:13)
  2 tengu warriors
  Urug (Lair:6)
  3 skeletal warriors (D:14)
  A salamander mystic (Volcano)
  3 sixfirhies (Gauntlet)
  6 unseen horrors
  3 glowing orange brains
  A swamp dragon (Lair:6)
  A phantasmal warrior (D:15)
  4 orb spiders (Spider:1)
  A deep elf mage (D:13)
  An orb spider (shapeshifter) (D:15)
  An orc knight (D:12)
  19 ugly things
  2 orc sorcerers (Orc:2)
  A manticore (D:15)
  8 wolf spiders
  3 salamanders (Volcano)
  9 cyclopes
  A moth of wrath (shapeshifter) (D:15)
  6 elephants
  4 black mambas
  A merfolk siren (Lair:4)
  Maurice (Orc:2)
  Joseph (D:7)
  A black mamba (shapeshifter) (D:13)
  A torpor snail (Lair:6)
  A rime drake (Lair:6)
  9 cane toads
  2 gargoyles
  A kobold demonologist (D:10)
  An efreet (D:15)
  A rime drake (shapeshifter) (D:15)
  14 komodo dragons
  A demonic crawler (Spider:1)
  A yaktaur (shapeshifter) (D:15)
  A tengu conjurer (D:14)
  9 trolls
  10 polar bears
  13 jumping spiders (Spider:1)
  5 slime creatures
  7 blink frogs
  4 raiju (Lair:6)
  5 dream sheep (Lair:5)
  A centaur simulacrum (D:15)
  31 flying skulls
  9 tarantellas
  61 yaks
  9 wraiths
  5 wyverns
  9 redbacks
  8 vampires
  16 humans (D:12)
  A hog (Lair:4)
  10 basilisks
  2 vampire mosquitoes (D:15)
  12 wargs
  5 steam dragons
  3 acid dragons
  A soldier ant (D:9)
  13 hell hounds (Lair:6)
  13 water moccasins
  5 ice beasts
  21 orc warriors
  14 black bears
  2 necrophages (D:11)
  5 sky beasts
  A swamp drake (Lair:6)
  4 eyes of draining
  A phantom (D:10)
  24 wolves
  13 centaurs
  26 ogres
  3 elf zombies (Ossuary)
  20 bullfrogs
  4 big kobolds
  A wyvern zombie (D:14)
  2 water moccasin zombies
  2 scorpions
  12 killer bees
  27 wights
  5 electric eels (D:14)
  5 howler monkeys
  A bullfrog zombie (D:13)
  A quasit (D:6)
  19 jellies
  7 human zombies (D:13)
  11 orc priests
  4 centaur skeletons
  8 centaur zombies
  3 bullfrog skeletons
  6 hounds
  23 orc wizards
  5 iguanas
  12 worker ants
  Natasha (thrice) (D:3)
  A killer bee zombie (D:6)
  2 big kobold zombies (Ossuary)
  An ogre zombie (Ossuary)
  7 mummies (Ossuary)
  7 gnolls
  A howler monkey skeleton (D:7)
  7 adders
  A river rat (Lair:4)
  A shadow imp (D:10)
  3 white imps
  An ufetubus (D:7)
  3 oozes
  2 adder zombies (D:8)
  3 adder skeletons
  3 worms
  4 leopard geckos
  90 orcs
  7 giant cockroaches
  5 goblins
  4 hobgoblins
  5 jackals
  7 quokkas
  4 bats
  3 frilled lizards
  A goblin zombie (Ossuary)
  3 hobgoblin zombies (Ossuary)
  20 kobolds
  7 kobold zombies (Ossuary)
  An orc zombie (Ossuary)
  6 quokka zombies
  6 rats
  3 rat zombies (Ossuary)
  3 bushes (D:1)
958 creatures vanquished.

Vanquished Creatures (others)
  4 humans (Spider:1)
  2 ogres (Orc:2)
  A kobold (D:12)
  17 fungi
  91 plants
115 creatures vanquished.

Grand Total: 1073 creatures vanquished

Table legend: (Time is in decaauts)
 A = Elapsed time spent in this place.
 B = Non-inter-level travel time spent in this place.
 C = Inter-level travel time spent in this place.
 D = Time resting spent in this place.
 E = Time spent auto-exploring this place.
 F = Levels seen in this place.
 G = Mean time per level.
                   A        B        C        D        E       F      G
               +--------+--------+--------+--------+--------+-----+--------+
         Total |  41576 |  38626 |   2950 |  14383 |  16500 |  28 | 1484.9 |
       Dungeon |  19562 |  18273 |   1289 |   4942 |   9212 |  15 | 1304.1 |
          Lair |  14873 |  13284 |   1589 |   6245 |   4991 |   6 | 2478.8 |
   Spider Nest |   1030 |   1011 |     19 |    379 |    428 |   2 |  515.0 |
  Orcish Mines |   3625 |   3573 |     52 |   1590 |   1347 |   2 | 1812.5 |
       Ossuary |   1479 |   1479 |      0 |    960 |    233 |   1 | 1479.0 |
       Volcano |    377 |    377 |      0 |    195 |     91 |   1 |  377.0 |
      Gauntlet |    627 |    627 |      0 |     70 |    197 |   1 |  627.0 |
               +--------+--------+--------+--------+--------+-----+--------+

Top non-repeatable levels by time:
  Lair:6: 3675 daAuts
  Lair:1: 3002 daAuts
  Lair:2: 2321 daAuts
  Lair:3: 2316 daAuts
    D:11: 2097 daAuts
    D:13: 1848 daAuts
  Lair:5: 1838 daAuts
   Orc:2: 1815 daAuts
   Orc:1: 1810 daAuts
  Lair:4: 1719 daAuts
     D:5: 1664 daAuts
 Ossuary: 1479 daAuts
     D:9: 1424 daAuts
    D:12: 1420 daAuts
    D:14: 1351 daAuts

Table legend:
 A = Non-vault XP
 B = Vault XP
 C = Vault XP percentage of total XP
 D = Non-vault monster count
 E = Vault monster count
 F = Vault count percentage of total count
                 A         B        C        D         E       F
            +---------+---------+-------+---------+---------+-------
      Total |  118054 |   89133 |  43.0 |     603 |     352 |  36.9
            +---------+---------+-------+---------+---------+-------
        D:1 |      13 |       0 |   0.0 |       9 |       0 |   0.0
        D:2 |      18 |       0 |   0.0 |      11 |       0 |   0.0
        D:3 |      93 |      35 |  27.3 |      14 |       1 |   6.7
        D:4 |     123 |     128 |  51.0 |      14 |       1 |   6.7
        D:5 |     636 |       5 |   0.8 |      12 |       1 |   7.7
        D:6 |    1038 |      11 |   1.0 |      24 |       1 |   4.0
        D:7 |     724 |    1395 |  65.8 |      27 |       6 |  18.2
        D:8 |     934 |       0 |   0.0 |      20 |       0 |   0.0
        D:9 |     806 |    2380 |  74.7 |      17 |      36 |  67.9
       D:10 |    1292 |    1381 |  51.7 |      20 |      12 |  37.5
       D:11 |    6739 |     717 |   9.6 |      47 |      10 |  17.5
       D:12 |    8485 |    5300 |  38.4 |      49 |      21 |  30.0
       D:13 |    6957 |   14555 |  67.7 |      24 |      47 |  66.2
       D:14 |   18388 |       0 |   0.0 |      53 |       0 |   0.0
       D:15 |   11274 |    4700 |  29.4 |      26 |       9 |  25.7
     Lair:1 |    7744 |     388 |   4.8 |      30 |       4 |  11.8
     Lair:2 |    8457 |      84 |   1.0 |      28 |       1 |   3.4
     Lair:3 |    6107 |    1483 |  19.5 |      21 |       3 |  12.5
     Lair:4 |    6626 |    3226 |  32.7 |      27 |       5 |  15.6
     Lair:5 |    5276 |    1124 |  17.6 |      13 |       2 |  13.3
     Lair:6 |    5705 |   15715 |  73.4 |      19 |      86 |  81.9
   Spider:1 |   13890 |       0 |   0.0 |      41 |       0 |   0.0
   Spider:2 |     210 |       0 |   0.0 |       1 |       0 |   0.0
      Orc:1 |    3521 |    3840 |  52.2 |      20 |       8 |  28.6
      Orc:2 |    2998 |   23418 |  88.7 |      36 |      49 |  57.6
    Ossuary |       0 |     693 | 100.0 |       0 |      37 | 100.0
    Volcano |       0 |    2440 | 100.0 |       0 |       4 | 100.0
   Gauntlet |       0 |    6115 | 100.0 |       0 |       8 | 100.0
            +---------+---------+-------+---------+---------+-------
